General information
- name: BNet
- type: Ladder team game (AT/RT)
- host: Battle.net
- saver: DanielCormier
map: Sanctuary_LV
- players: 8
- length: 24:43
- speed: Fast
- version: 1.30 W3XP
- replay type: Public
» download(300 KB)
Players
team 1 (winner)
DanielCormier (
green | 162 APM | 4009 actions | 24:43)
6 Tauren Chieftain
2 War Stomp
3 Endurance Aura
1 Reincarnation
5 Shadow Hunter
3 Hex
2 Healing Wave
5 Naga Sea Witch
3 Frost Arrows
2 Forked Lightning
» actions
| Assign group hotkey | 26 | |
| Basic commands | 248 | |
| Build / train | 103 | |
| Enter build submenu | 27 | |
| Enter hero's abilities submenu | 17 | |
| Give item / drop item | 5 | |
| Right click | 1829 | |
| Select / deselect | 754 | |
| Select group hotkey | 840 | |
| Use ability | 159 | |
4009 total
» units
| Peon | 18 | |
| Troll Headhunter/Berserker | 14 | |
| Goblin Shredder | 1 | |
| Wind Rider | 7 | |
40 total
» upgrades
| Reinforced Defenses | 1 | |
| Ranged Weapons | 3 | |
| Berserker Upgrade | 1 | |
| Armor | 1 | |
| Troll Regeneration | 1 | |
| Witch Doctor Training | 2 | |
| Envenomed Spears | 1 | |
10 total
» buildings
| Altar of Storms | 2 | |
| Orc Burrow | 4 | |
| War Mill | 3 | |
| Barracks | 1 | |
| Voodoo Lounge | 1 | |
| Great Hall | 1 | |
| Stronghold | 1 | |
| Fortress | 1 | |
| Spirit Lodge | 1 | |
| Watch Tower | 10 | |
| Beastiary | 2 | |
27 total
» build order
00:02 Altar of Storms
00:06 Orc Burrow
00:24 War Mill
01:03 Barracks
01:54 Orc Burrow
02:22 Voodoo Lounge
04:16 Great Hall
04:55 Stronghold
05:30 Orc Burrow
06:26 Orc Burrow
08:02 Fortress
10:59 Altar of Storms
11:02 Spirit Lodge
12:32 Watch Tower
12:33 Watch Tower
12:34 Watch Tower
12:35 Watch Tower
13:50 Beastiary
13:52 Beastiary
14:00 Watch Tower
17:47 Watch Tower
17:48 Watch Tower
19:38 War Mill
19:42 War Mill
21:17 Watch Tower
21:19 Watch Tower
21:20 Watch Tower
» items
| Healing Salve | 5 | |
| Lesser Clarity Potion | 7 | |
| Boots of Speed | 2 | |
| Scroll of Town Portal | 7 | |
| Scroll of Healing | 1 | |
| Potion of Healing | 2 | |
| Potion of Mana | 4 | |
| Tiny Great Hall | 1 | |
| Orb of Lightning | 1 | |
| Potion of Lesser Invulnerability | 1 | |
31 total
Imatool (
purple | 57 APM | 1406 actions | 24:42)
6 Death Knight
2 Death Coil
3 Unholy Aura
1 Animate Dead
3 Lich
1 Frost Nova
2 Frost Armor
» actions
| Basic commands | 41 | |
| Build / train | 83 | |
| Enter build submenu | 23 | |
| Enter hero's abilities submenu | 9 | |
| Give item / drop item | 6 | |
| Right click | 739 | |
| Select / deselect | 414 | |
| Use ability | 91 | |
1406 total
» units
| Acolyte | 8 | |
| Ghoul | 5 | |
| Goblin Shredder | 1 | |
| Crypt Fiend | 7 | |
| Frost Wyrm | 8 | |
| Wind Rider | 6 | |
| Gargoyle | 4 | |
| Obsidian Statue | 1 | |
40 total
» upgrades
| Creature Attack | 3 | |
| Creature Carapace | 3 | |
| Web | 1 | |
| Freezing Breath | 1 | |
8 total
» buildings
| Crypt | 1 | |
| Ziggurat | 8 | |
| Altar of Darkness | 1 | |
| Tomb of Relics | 1 | |
| Nerubian Tower | 2 | |
| Necropolis | 3 | |
| Graveyard | 1 | |
| Halls of the Dead | 1 | |
| Black Citadel | 1 | |
| Sacrificial Pit | 1 | |
| Slaughterhouse | 1 | |
| Boneyard | 3 | |
| Great Hall | 1 | |
25 total
» build order
00:23 Crypt
00:28 Ziggurat
00:39 Altar of Darkness
01:29 Ziggurat
01:49 Tomb of Relics
02:40 Ziggurat
02:46 Nerubian Tower
04:16 Necropolis
04:17 Ziggurat
04:20 Necropolis
04:37 Graveyard
05:12 Halls of the Dead
05:17 Nerubian Tower
08:36 Black Citadel
08:51 Sacrificial Pit
10:07 Slaughterhouse
11:01 Boneyard
11:02 Boneyard
11:03 Boneyard
12:29 Ziggurat
12:47 Ziggurat
12:50 Ziggurat
12:53 Ziggurat
18:28 Great Hall
24:28 Necropolis
» items
| Rod of Necromancy | 2 | |
| Sacrificial Skull | 1 | |
| Lesser Clarity Potion | 1 | |
| Scroll of Speed | 2 | |
| Scroll of Town Portal | 6 | |
| Boots of Speed | 1 | |
| Potion of Lesser Invulnerability | 2 | |
| Orb of Corruption | 1 | |
| Staff of Teleportation | 1 | |
| Healing Salve | 2 | |
19 total
impossibleodds (
blue | 139 APM | 2213 actions | 15:58)
4 Blademaster
2 Wind Walk
2 Critical Strike
» actions
| Assign group hotkey | 171 | |
| Basic commands | 177 | |
| Build / train | 53 | |
| ESC pressed | 1 | |
| Enter build submenu | 17 | |
| Enter hero's abilities submenu | 4 | |
| Right click | 1125 | |
| Select / deselect | 160 | |
| Select group hotkey | 422 | |
| Use ability | 83 | |
2213 total
» units
| Peon | 6 | |
| Wind Rider | 11 | |
| Troll Batrider | 8 | |
25 total
» upgrades
| Ranged Weapons | 2 | |
| Envenomed Spears | 1 | |
| Reinforced Defenses | 1 | |
4 total
» buildings
| Altar of Storms | 1 | |
| Orc Burrow | 6 | |
| Stronghold | 3 | |
| War Mill | 1 | |
| Voodoo Lounge | 1 | |
| Beastiary | 3 | |
| Watch Tower | 3 | |
| Fortress | 2 | |
20 total
» build order
00:20 Altar of Storms
00:24 Orc Burrow
00:26 Orc Burrow
01:32 Stronghold
01:32 Stronghold
01:33 Stronghold
01:40 War Mill
01:53 Voodoo Lounge
02:40 Orc Burrow
03:54 Beastiary
03:58 Beastiary
04:55 Watch Tower
04:58 Watch Tower
06:56 Orc Burrow
06:57 Orc Burrow
07:07 Watch Tower
08:49 Orc Burrow
09:31 Beastiary
09:44 Fortress
09:44 Fortress
» items
| Healing Salve | 2 | |
| Lesser Clarity Potion | 5 | |
| Scroll of Town Portal | 1 | |
8 total

»
andycrazn (
orange | 86 APM | 2121 actions | 24:42)
8 Dark Ranger
3 Black Arrow
3 Silence
1 Charm
1 Life Drain
6 Firelord
3 Summon Lava Spawn
2 Soul Burn
1 Volcano
1 Goblin Alchemist
1 Chemical Rage
» actions
| Assign group hotkey | 88 | |
| Build / train | 98 | |
| Enter build submenu | 19 | |
| Enter hero's abilities submenu | 16 | |
| Give item / drop item | 5 | |
| Remove unit from queue | 1 | |
| Right click | 779 | |
| Select / deselect | 510 | |
| Select group hotkey | 521 | |
| Use ability | 84 | |
2121 total
» units
| Peasant | 12 | |
| Footman | 3 | |
| Rifleman | 18 | |
| Knight | 4 | |
| Dragonhawk Rider | 6 | |
| Gryphon Rider | 2 | |
45 total
» upgrades
| Gunpowder | 3 | |
| Long Rifles | 1 | |
| Lumber Harvesting | 2 | |
| Masonry | 3 | |
| Animal War Training | 1 | |
| Armor | 1 | |
| Plating | 1 | |
| Swords | 1 | |
| Cloud | 1 | |
| Storm Hammers | 1 | |
15 total
» buildings
| Farm | 10 | |
| Altar of Kings | 1 | |
| Lumber Mill | 1 | |
| Barracks | 1 | |
| Blacksmith | 1 | |
| Arcane Vault | 1 | |
| Keep | 2 | |
| Town Hall | 2 | |
| Castle | 2 | |
| Gryphon Aviary | 2 | |
23 total
» build order
00:23 Farm
01:02 Farm
01:05 Altar of Kings
01:19 Lumber Mill
01:25 Barracks
01:52 Farm
02:03 Blacksmith
02:25 Farm
03:05 Farm
03:44 Arcane Vault
04:14 Keep
04:14 Keep
05:08 Town Hall
05:19 Farm
06:07 Farm
06:09 Farm
06:48 Farm
06:51 Farm
07:41 Castle
07:42 Castle
11:45 Gryphon Aviary
11:47 Gryphon Aviary
20:09 Town Hall
» items
| Scroll of Town Portal | 5 | |
| Scroll of Speed | 1 | |
| Lesser Clarity Potion | 4 | |
| Healing Salve | 1 | |
| Scroll of Regeneration | 2 | |
| Potion of Mana | 1 | |
14 total
team 2 (loser)
mofny (
pink | 69 APM | 1710 actions | 24:42)
5 Death Knight
3 Death Coil
2 Unholy Aura
3 Lich
2 Frost Nova
1 Dark Ritual
» actions
| Assign group hotkey | 30 | |
| Basic commands | 3 | |
| Build / train | 70 | |
| Enter build submenu | 15 | |
| Enter hero's abilities submenu | 9 | |
| Give item / drop item | 3 | |
| Remove unit from queue | 2 | |
| Right click | 833 | |
| Select / deselect | 261 | |
| Select group hotkey | 331 | |
| Use ability | 153 | |
1710 total
» units
| Acolyte | 6 | |
| Ghoul | 7 | |
| Crypt Fiend | 10 | |
| Obsidian Statue | 4 | |
27 total
» upgrades
| Web | 1 | |
| Destroyer Form | 1 | |
| Ghoul Frenzy | 1 | |
| Reinforced Defenses | 1 | |
| Creature Carapace | 2 | |
| Creature Attack | 1 | |
7 total
» buildings
| Graveyard | 1 | |
| Crypt | 1 | |
| Ziggurat | 8 | |
| Altar of Darkness | 1 | |
| Necropolis | 1 | |
| Tomb of Relics | 1 | |
| Nerubian Tower | 2 | |
| Halls of the Dead | 1 | |
| Spirit Tower | 5 | |
| Slaughterhouse | 1 | |
| Black Citadel | 1 | |
| Sacrificial Pit | 1 | |
24 total
» build order
00:13 Graveyard
00:17 Crypt
00:41 Ziggurat
00:56 Altar of Darkness
01:25 Ziggurat
01:50 Necropolis
02:06 Tomb of Relics
02:28 Nerubian Tower
02:28 Nerubian Tower
03:22 Halls of the Dead
03:28 Ziggurat
03:44 Ziggurat
04:36 Spirit Tower
05:00 Ziggurat
08:29 Spirit Tower
10:28 Slaughterhouse
10:47 Black Citadel
11:31 Spirit Tower
12:40 Sacrificial Pit
19:34 Ziggurat
20:52 Spirit Tower
22:03 Ziggurat
23:07 Spirit Tower
23:09 Ziggurat
» items
| Rod of Necromancy | 5 | |
| Scroll of Town Portal | 4 | |
| Potion of Mana | 1 | |
| Scroll of Speed | 1 | |
| Lesser Clarity Potion | 1 | |
| Orb of Corruption | 2 | |
14 total
MovieStar (
yellow | 93 APM | 2214 actions | 23:54)
6 Death Knight
2 Death Coil
3 Unholy Aura
1 Animate Dead
4 Lich
2 Frost Nova
2 Frost Armor
4 Crypt Lord
2 Impale
2 Spiked Carapace
» actions
| Assign group hotkey | 45 | |
| Basic commands | 79 | |
| Build / train | 97 | |
| ESC pressed | 13 | |
| Enter build submenu | 23 | |
| Enter hero's abilities submenu | 14 | |
| Give item / drop item | 1 | |
| Right click | 897 | |
| Select / deselect | 381 | |
| Select group hotkey | 553 | |
| Use ability | 109 | |
2214 total
» units
| Acolyte | 9 | |
| Ghoul | 5 | |
| Crypt Fiend | 7 | |
| Frost Wyrm | 12 | |
| Peon | 10 | |
| Tauren | 5 | |
48 total
» upgrades
| Creature Attack | 3 | |
| Creature Carapace | 2 | |
| Web | 1 | |
6 total
» buildings
| Crypt | 1 | |
| Ziggurat | 8 | |
| Altar of Darkness | 1 | |
| Graveyard | 1 | |
| Tomb of Relics | 2 | |
| Halls of the Dead | 2 | |
| Necropolis | 2 | |
| Black Citadel | 1 | |
| Sacrificial Pit | 1 | |
| Boneyard | 3 | |
| Spirit Tower | 1 | |
| Orc Burrow | 1 | |
24 total
» build order
01:06 Crypt
01:08 Ziggurat
01:11 Altar of Darkness
01:14 Graveyard
02:24 Ziggurat
03:00 Tomb of Relics
03:55 Ziggurat
05:15 Halls of the Dead
05:15 Halls of the Dead
07:00 Ziggurat
07:07 Necropolis
08:43 Black Citadel
10:41 Sacrificial Pit
11:36 Boneyard
11:37 Boneyard
11:38 Boneyard
11:54 Spirit Tower
12:28 Ziggurat
12:31 Ziggurat
16:32 Ziggurat
16:33 Ziggurat
17:07 Tomb of Relics
18:05 Orc Burrow
19:43 Necropolis
» items
| Rod of Necromancy | 1 | |
| Sacrificial Skull | 3 | |
| Potion of Healing | 5 | |
| Potion of Mana | 2 | |
| Scroll of Town Portal | 2 | |
| Scroll of Healing | 2 | |
| Orb of Corruption | 1 | |
| Orb of Lightning | 1 | |
| Scroll of Regeneration | 1 | |
| Lesser Clarity Potion | 1 | |
| Orb of Fire | 1 | |
20 total
ThalesQc (
teal | 43 APM | 613 actions | 14:10)
4 Tauren Chieftain
2 War Stomp
2 Endurance Aura
» actions
| Basic commands | 1 | |
| Build / train | 50 | |
| Enter build submenu | 19 | |
| Enter hero's abilities submenu | 4 | |
| Right click | 256 | |
| Select / deselect | 238 | |
| Use ability | 45 | |
613 total
» units
| Peon | 13 | |
| Grunt | 9 | |
| Tauren | 7 | |
| Shaman | 2 | |
31 total
» upgrades
| Melee Weapons | 2 | |
| Armor | 2 | |
| Berserker Strength | 1 | |
| Shaman Training | 2 | |
7 total
» buildings
| Altar of Storms | 1 | |
| Orc Burrow | 4 | |
| Barracks | 1 | |
| War Mill | 1 | |
| Voodoo Lounge | 1 | |
| Stronghold | 1 | |
| Fortress | 1 | |
| Tauren Totem | 1 | |
| Great Hall | 1 | |
| Spirit Lodge | 1 | |
| Watch Tower | 4 | |
17 total
» build order
00:11 Altar of Storms
00:15 Orc Burrow
00:54 Barracks
01:23 War Mill
02:01 Orc Burrow
02:28 Orc Burrow
02:58 Voodoo Lounge
03:49 Stronghold
05:50 Orc Burrow
06:15 Fortress
07:26 Tauren Totem
08:02 Great Hall
08:41 Spirit Lodge
11:42 Watch Tower
11:44 Watch Tower
11:46 Watch Tower
12:50 Watch Tower
» items
| Healing Salve | 4 | |
| Scroll of Speed | 1 | |
5 total

»
BoratSagdiev (
red | 32 APM | 765 actions | 24:10)
6 Archmage
3 Summon Water Elemental
2 Brilliance Aura
1 Mass Teleport
3 Paladin
2 Devotion Aura
1 Holy Light
2 Tauren Chieftain
1 Endurance Aura
1 War Stomp
» actions
| Basic commands | 2 | |
| Build / train | 75 | |
| ESC pressed | 2 | |
| Enter build submenu | 19 | |
| Enter hero's abilities submenu | 11 | |
| Give item / drop item | 2 | |
| Right click | 269 | |
| Select / deselect | 323 | |
| Use ability | 62 | |
765 total
» units
| Peasant | 23 | |
| Footman | 9 | |
| Gryphon Rider | 11 | |
43 total
» upgrades
| Masonry | 3 | |
| Swords | 3 | |
| Defend | 1 | |
| Storm Hammers | 1 | |
| Armor | 2 | |
10 total
» buildings
| Altar of Kings | 1 | |
| Farm | 8 | |
| Barracks | 1 | |
| Keep | 1 | |
| Town Hall | 1 | |
| Lumber Mill | 1 | |
| Blacksmith | 1 | |
| Castle | 1 | |
| Gryphon Aviary | 3 | |
| Arcane Vault | 1 | |
19 total
» build order
00:17 Altar of Kings
00:22 Farm
00:51 Barracks
01:02 Farm
01:41 Farm
02:38 Farm
03:35 Keep
04:12 Town Hall
05:00 Lumber Mill
05:28 Blacksmith
05:56 Castle
07:47 Gryphon Aviary
07:50 Gryphon Aviary
08:44 Gryphon Aviary
09:38 Arcane Vault
11:21 Farm
12:30 Farm
15:13 Farm
18:23 Farm
» items
| Scroll of Town Portal | 4 | |
| Scroll of Regeneration | 2 | |
| Orb of Fire | 1 | |
7 total
Chat log
(00:06 / All) ThalesQc: LOUIS JEAN CORMIER !
(00:15 / Allies) impossibleodds: bm
(00:17 / Allies) impossibleodds: fast wyerns
(00:35 / All) BoratSagdiev: yaksemaesh>
(00:43 / All) impossibleodds: borat
(00:47 / All) impossibleodds: make uh sexy time?
(00:55 / All) BoratSagdiev: it is nice
(01:01 / All) impossibleodds: from my sisstur
(01:12 / All) BoratSagdiev: is she tight?
(01:19 / All) impossibleodds: she was before he was a virgeen
(01:35 / All) BoratSagdiev: AND NOW?
(01:46 / All) impossibleodds: i make uh sexy time with her too much
(02:01 / All) impossibleodds: now she loose as my morals
(02:01 / All) MovieStar: i am the king of the castle i have a chair i have a chair!
(02:15 / Allies) impossibleodds: no need tog ive me lumb
(02:16 / All) BoratSagdiev: so her vagine is like sleave of a wizard?
(02:19 / Allies) Imatool: k
(02:22 / All) mofny: how the fuck can you quote this movie from like 15 years ago
(02:25 / All) impossibleodds: sleeve of a jew
(02:34 / All) MovieStar: *wizard
(03:22 / All) MovieStar: Good Kids on Netflix
(07:50 / Allies) Imatool: want red?
(07:53 / Allies) Imatool: ring
(07:54 / Allies) impossibleodds: ?
(07:56 / Allies) impossibleodds: sure
(09:19 / Allies) Imatool: move poeon
(09:25 / Allies) impossibleodds: my bad
(09:37 / Allies) impossibleodds: counter
(09:51 / Allies) Imatool: have my tp green
(09:53 / All) MovieStar: gg
(09:59 / Allies) andycrazn: il tp
(11:06 / All) MovieStar: gj blue
(11:20 / All) MovieStar: :))))
(11:29 / Allies) Imatool: god
(13:59 / All) ThalesQc: did I say that I fucking hate stupid invocs
(14:07 / All) andycrazn: ?
(14:48 / Allies) impossibleodds: im focusing bats now
(15:02 / Allies) impossibleodds: lets fight
(15:03 / Allies) impossibleodds: hit
(16:00 / Allies) Imatool: wtf
(16:11 / Allies) DanielCormier: retards
(16:13 / Allies) DanielCormier: play on weekends
(17:12 / Allies) andycrazn: im out
(17:47 / Allies) andycrazn: so
(17:49 / Allies) andycrazn: game plan?
(17:59 / Allies) Imatool: pick spot
(19:17 / Allies) DanielCormier: tp
(19:55 / Allies) Imatool: leave blue?
(20:00 / Allies) andycrazn: yes
(21:00 / Allies) Imatool: tp?
(21:49 / Allies) Imatool: tpback
(22:24 / Allies) Imatool: tp?
(22:29 / Allies) andycrazn: no
(22:43 / Allies) Imatool: care
(23:11 / Allies) andycrazn: tp to green?
(23:12 / Allies) Imatool: really need t top
(23:15 / Allies) Imatool: yes
(24:03 / All) DanielCormier: Sad UDs
(24:13 / All) andycrazn: free frosts is awesome
(24:27 / All) DanielCormier: how m,any frosts u need